 Dungeon Crawl Stone Soup version 0.17.1-1-g73c8601 (webtiles) character file.

834 Moresty the Ducker (level 7, -2/64 HPs)
             Began as a Minotaur Berserker on Jan 7, 2016.
             Was a Priest of Trog.
             Slain by a worm (7 damage)
             ... on level 5 of the Dungeon.
             The game lasted 00:23:04 (4392 turns).

Moresty the Ducker (Minotaur Berserker)             Turns: 4392, Time: 00:23:04

Health: -2/64      AC:  2    Str: 24    XL:     7   Next: 66%
Magic:  6/6        EV: 14    Int:  4    God:    Trog [***...]
Gold:   152        SH:  0    Dex:  9    Spells: 0 memorised, 6 levels left

rFire  . . .     SeeInvis .     q - +0 war axe
rCold  . . .     Clarity  .     b - +0 animal skin
rNeg   . . .     SustAt   .     (no shield)
rPois  .         Gourm    +     (helmet restricted)
rElec  .         Spirit   .     (no cloak)
rCorr  .         Warding  .     (no gloves)
rMut   .         Rnd*Tele +     (no boots)
MR     .....                    u - amulet of the gourmand
Stlth  +.........               (no ring)
                                n - ring of teleportation (curse)

@: not resistant to hostile enchantments, very unstealthy
A: retaliatory headbutt, horns 2
a: Berserk, Trog's Hand, Burn Spellbooks, Renounce Religion, Evoke Teleportation


You were on level 5 of the Dungeon.
You worshipped Trog.
Trog was most pleased with you.
You were not hungry.

You visited 1 branch of the dungeon, and saw 5 of its levels.

You collected 152 gold pieces.

Inventory:

Hand Weapons
 a - a +0 mace
 q - a +0 war axe (weapon)
Missiles
 y - 17 arrows of flame
Armour
 b - a +0 animal skin (worn)
Jewellery
 d - an uncursed amulet of resist mutation
 n - a cursed ring of teleportation (left hand)
 u - an amulet of the gourmand (around neck)
 w - an uncursed amulet of the gourmand
Scrolls
 e - a scroll of magic mapping {unknown}
 i - a scroll of enchant armour {unknown}
 j - 2 scrolls of teleportation {unknown}
 l - 4 scrolls of identify {unknown}
 o - a scroll of amnesia {unknown}
 s - 2 scrolls of blinking {unknown}
 x - a scroll of recharging {unknown}
Potions
 f - a potion of mutation {unknown}
 g - a potion of flight {unknown}
 k - a potion of ambrosia {unknown}
 m - 2 potions of brilliance {unknown}
 r - a potion of heal wounds {unknown}
 t - 3 potions of curing {unknown}
 v - a potion of lignification {unknown}
Books
 p - a book of Air

   Spells                             Type                      Level
   a - Shock                          Conjuration/Air              1
   b - Swiftness                      Charms/Air                   2
   c - Repel Missiles                 Charms/Air                   2
   d - Static Discharge               Conjuration/Air              3
   e - Lightning Bolt                 Conjuration/Air              5
   Trog disapproves of the use of such an item.
Comestibles
 c - a bread ration
 h - 3 fruits


   Skills:
 + Level 6.3 Fighting
 + Level 3.3(4.4) Axes
 + Level 4.4(5.0) Maces & Flails
 + Level 2.4 Armour
 + Level 6.9 Dodging
 + Level 1.8 Stealth


You had 6 spell levels left.
You didn't know any spells.

Dungeon Overview and Level Annotations

Branches:
Dungeon (5/15)
 Temple: D:4-7

Altars:
Ashenzari
Dithmenos
Elyvilon
Trog


Innate Abilities, Weirdness & Mutations

You reflexively headbutt those who attack you in melee.
You have a pair of horns on your head.


Message History

You kill the sky beast!
Trog accepts your kill.
Your base Axes skill increases to level 3!
You enter the shallow water.
Moving in this stuff is going to be slow.
You are suddenly yanked towards some nearby monsters!
Your surroundings suddenly seem different.
A worm and an ice beast come into view.
The ice beast misses you. The ice beast completely misses you.
The ice beast hits you but does no damage.
The ice beast hits you. The ice beast freezes you! The worm bites you.
The ice beast hits you. The ice beast freezes you!
* * * LOW HITPOINT WARNING * * *
The ice beast hits you.
* * * LOW HITPOINT WARNING * * *
The ice beast freezes you!
* * * LOW HITPOINT WARNING * * *
The worm bites you!
You die...

#####
#.Y@#
#.w.#
#......
#.......
#.......#
###...###
#....
##..#


You could see an ice beast and a worm.

Vanquished Creatures
  Sigmund (D:4)
  A sky beast (D:5)
  3 ogres (D:4)
  The ghost of riffraff the Ruffian, a weakling TrBe of Trog (D:4)
  A crimson imp (D:4)
  An orc priest (D:4)
  A hound (D:4)
  An orc wizard (D:4)
  A worker ant (D:4)
  Robin (D:4)
  3 adders
  A gnoll (D:2)
  A white imp (D:4)
  An ooze (D:3)
  2 worms
  2 giant geckos
  5 orcs
  2 giant cockroaches
  11 goblins
  9 hobgoblins
  2 quokkas
  A ball python (D:3)
  7 bats
  4 giant newts
  2 jackal skeletons (D:4)
  6 kobolds
  4 rats (D:3)
  A bush (D:3)
76 creatures vanquished.

Notes
Turn   | Place    | Note
--------------------------------------------------------------
     0 | D:1      | Moresty the Minotaur Berserker began the quest for the Orb.
     0 | D:1      | Reached XP level 1. HP: 19/19 MP: 0/0
   665 | D:1      | Reached XP level 2. HP: 27/27 MP: 1/1
   675 | D:1      | Reached skill level 4 in Fighting
  1323 | D:2      | Reached XP level 3. HP: 21/34 MP: 2/2
  1338 | D:2      | Found a shadowy altar of Dithmenos.
  1607 | D:3      | Reached ** piety under Trog
  2164 | D:3      | Reached XP level 4. HP: 37/41 MP: 3/3
  2197 | D:3      | Found a white marble altar of Elyvilon.
  2321 | D:3      | Found a bloodstained altar of Trog.
  2321 | D:3      | Found a shattered altar of Ashenzari.
  2570 | D:4      | Noticed an ogre
  2578 | D:4      | Killed an ogre
  2578 | D:4      | Reached skill level 5 in Fighting
  2578 | D:4      | Reached XP level 5. HP: 38/48 MP: 4/4
  2604 | D:4      | HP: 2/48 [poisoned by a worker ant]
  2612 | D:3      | HP: 2/48 [poisoned by a worker ant]
  2920 | D:4      | Noticed riffraff's ghost (weakling TrBe)
  2928 | D:4      | Killed riffraff's ghost
  2928 | D:4      | Reached skill level 5 in Dodging
  2928 | D:4      | Reached XP level 6. HP: 9/56 MP: 5/5
  2954 | D:4      | Noticed Sigmund
  3201 | D:4      | Killed Sigmund
  3201 | D:4      | Reached skill level 1 in Axes
  3201 | D:4      | Reached skill level 1 in Stealth
  3255 | D:4      | Noticed an ogre
  3264 | D:4      | Killed an ogre
  3264 | D:4      | Reached skill level 6 in Dodging
  3264 | D:4      | Reached XP level 7. HP: 43/62 MP: 6/6
  3660 | D:4      | Noticed an ogre
  3665 | D:4      | Killed an ogre
  3796 | D:4      | Reached *** piety under Trog
  3798 | D:4      | Noticed Robin
  3801 | D:4      | Killed Robin
  4221 | D:5      | Entered Level 5 of the Dungeon
  4392 | D:5      | Slain by a worm

Action                   |  1- 3 |  4- 6 |  7- 9 || total
-------------------------+-------+-------+-------++-------
Melee: Mace              |    41 |       |       ||    41
       War axe           |    36 |    75 |    55 ||   166
  Eat: Bread ration      |     1 |     1 |     1 ||     3
